 Dungeon Crawl Stone Soup version 0.24-a0-378-g94936e539c (webtiles) character file.

Game seed: 16466342885662160845

14 Laiders72 the Skirmisher (level 2, -5/27 HPs)
             Began as a Hill Orc Fighter on June 1, 2019.
             Slain by a gnoll
             ... wielding a +0 halberd
              (8 damage)
             ... on level 2 of the Dungeon.
             The game lasted 00:01:36 (653 turns).

Laiders72 the Skirmisher (Hill Orc Fighter)          Turns: 653, Time: 00:01:36

Health: -5/27      AC: 10    Str: 18    XL:     2   Next: 41%
Magic:  2/2        EV:  4    Int:  8    God:
Gold:   46         SH:  9    Dex: 10    Spells: 1/1 levels left

rFire    . . .     SeeInvis .   a - +0 war axe
rCold    . . .     Gourm    .   c - +0 shield
rNeg     . . .     Faith    .   l - +0 chain mail
rPois    .         Spirit   .   (no helmet)
rElec    .         Reflect  .   (no cloak)
rCorr    +         Harm     .   (no gloves)
MR       .....                  k - +0 pair of boots
Stlth    ..........             (no amulet)
HPRegen  0.09/turn              g - ring of resist corrosion
MPRegen  0.08/turn              (no ring)

@: no status effects
A: no striking features
a: no special abilities


You were on level 2 of the Dungeon.
You were not hungry.

You visited 1 branch of the dungeon, and saw 2 of its levels.

You collected 46 gold pieces.

Inventory:

Hand Weapons
 a - a +0 war axe (weapon)
 b - a +4 whip
Armour
 c - a +0 shield (worn)
 k - a +0 pair of boots (worn)
 l - a +0 chain mail (worn)
Jewellery
 g - a ring of resist corrosion (left hand)
Scrolls
 e - a scroll of amnesia {unknown}
 h - 2 scrolls of fog {unknown}
 m - a scroll of identify {unknown}
Potions
 d - a potion of might
 i - a potion of invisibility {unknown}
 j - a potion of degeneration {unknown}
 n - a potion of curing {unknown}
Comestibles
 f - 2 rations


   Skills:
 + Level 3.9 Fighting
 * Level 3.6 Axes
 - Level 3.2 Armour
 - Level 3.2 Shields


You had one spell level left.
You didn't know any spells.
Your spell library was empty.

Dungeon Overview and Level Annotations

Branches:
Dungeon (2/15)

Altars:


Message History

You block the ball python's attack. The ball python grabs you.
The ball python constricts you.
A gnoll comes into view. It is wielding a +0 halberd.
The gnoll shouts! x2
You slash the ball python!
You kill the ball python!
You closely miss the rat.
The gnoll throws a throwing net.
You block the throwing net. The rat bites you but does no damage.
The gnoll hits you with a +0 flail. The gnoll hits you with a +0 halberd.
You closely miss the gnoll. You barely miss the gnoll. You hit the rat.
You kill the rat!
You barely miss the gnoll. The gnoll hits you with a +0 flail.
The gnoll barely misses you. x2; You block the gnoll's attack.
You closely miss the gnoll. You slash the gnoll! You closely miss the gnoll.
The gnoll hits you with a +0 flail!
* * * LOW HITPOINT WARNING * * *
The gnoll hits you but does no damage. The gnoll hits you with a +0 flail.
* * * LOW HITPOINT WARNING * * *
The gnoll hits you from afar with a +0 halberd!
You die...

#...######
.........#
.........#
.........########
.................
............(....
.....gg..........
......g@.(.......
......g##........
.......##..######
...........#######
..##.............#
. #......#......#
#......#......#
##......#....<.#
........#......#


You could see 4 gnolls.

Vanquished Creatures
  A leopard gecko (D:2)
  A bat (D:1)
  A goblin (D:1)
  3 hobgoblins (D:1)
  A ball python (D:2)
  3 frilled lizards (D:1)
  2 kobolds
  A rat (D:2)
13 creatures vanquished.

Notes
Turn   | Place    | Note
-------+----------+-------------------------------------------
     0 | D:1      | Laiders72 the Hill Orc Fighter began the quest for the Orb.
     0 | D:1      | Reached XP level 1. HP: 19/19 MP: 1/1
   330 | D:1      | Reached XP level 2. HP: 27/27 MP: 2/2
   653 | D:2      | Slain by a gnoll

Levels and vault maps discovered:
D:1:      psy_arrival_conway, layout_rooms
D:2:      layout_basic, first_ration

Skill      XL: |  1 |
---------------+----+-----
Axes           | 3 |  3.6
Fighting       | |  3.9
Armour         | |  3.2
Shields        | |  3.2

Action                   || total
-------------------------++-------
Melee: War axe           ||    47
Armor: Scale mail        ||     7
       Chain mail        ||    21
Dodge: Dodged            ||    15
Block: Shield            ||    23

Table legend:
 A = Non-vault XP
 B = Vault XP
 C = Vault XP percentage of total XP
 D = Non-vault monster count
 E = Vault monster count
 F = Vault count percentage of total count
                 A         B        C        D         E       F
            +---------+---------+-------+---------+---------+-------
      Total |      20 |       0 |   0.0 |      13 |       0 |   0.0
            +---------+---------+-------+---------+---------+-------
        D:1 |      14 |       0 |   0.0 |       9 |       0 |   0.0
        D:2 |       6 |       0 |   0.0 |       4 |       0 |   0.0
            +---------+---------+-------+---------+---------+-------
